 Dungeon Crawl Stone Soup version 0.17-b1-20-g63edfd6 (webtiles) character file.

123 septik the Grave Robber (level 4, 0/30 HPs)
             Began as a Demonspawn Necromancer on Nov 4, 2015.
             Slain by an orc
             ... wielding a +1 short sword of holy wrath
              (6 damage)
             ... on level 3 of the Dungeon.
             The game lasted 00:13:48 (2686 turns).

septik the Grave Robber (Demonspawn Necromancer)    Turns: 2686, Time: 00:13:48

Health: 0/30       AC:  5    Str:  9    XL:     4   Next: 79%
Magic:  1/10       EV: 12    Int: 17    God:
Gold:   189        SH:  0    Dex: 13    Spells: 3 memorised, 6 levels left

rFire  . . .     SeeInvis .     i - +0 club
rCold  . . .     Clarity  .     a - +0 robe
rNeg   . . .     SustAt   .     (no shield)
rPois  .         Gourm    .     n - +2 helmet
rElec  .         Spirit   .     (no cloak)
rCorr  .         Warding  .     (no gloves)
rMut   .         Stasis   .     (no boots)
MR     .....                    (no amulet)
Stlth  ++........               (no ring)
                                (no ring)

@: not resistant to hostile enchantments, unstealthy
A: talons 2, demonic guardian 1
a: no special abilities


You were on level 3 of the Dungeon.
You were not hungry.

You visited 1 branch of the dungeon, and saw 3 of its levels.

You collected 189 gold pieces.

Inventory:

Hand Weapons
 i - a +0 club (weapon)
Missiles
 h - 87 stones (quivered)
 p - 19 sling bullets
Armour
 a - a +0 robe (worn)
 f - a +0 leather armour
 n - a +2 helmet (worn)
 t - a +0 buckler
 u - a +0 cloak
Scrolls
 d - 3 scrolls of noise {unknown}
 e - a scroll of teleportation {unknown}
 g - a scroll of enchant weapon {unknown}
 j - 4 scrolls of enchant armour {unknown}
 l - a scroll of amnesia {unknown}
 o - a scroll of blinking {unknown}
 q - a scroll of fog {unknown}
 w - a scroll of identify {unknown}
Potions
 k - a potion of beneficial mutation {unknown}
 m - a potion of might {unknown}
 v - a potion of curing {unknown}
 x - a potion of poison {unknown}
 z - a potion of flight {unknown}
Books
 b - a book of Necromancy

   Spells                             Type                      Level
   a - Pain                           Necromancy                   1
   b - Animate Skeleton               Necromancy                   1
   c - Vampiric Draining              Necromancy                   3
   d - Regeneration                   Charms/Necromancy            3
   e - Animate Dead                   Necromancy                   4
   f - Control Undead                 Necromancy                   4
Comestibles
 c - a bread ration
 r - 4 chunks of flesh
 s - 2 fruits


   Skills:
 - Level 1.7 Dodging
 - Level 1.7 Stealth
 * Level 4.2 Spellcasting
 - Level 5.0 Necromancy


You had 6 spell levels left.
You knew the following spells:

 Your Spells              Type           Power        Failure   Level  Hunger
a - Pain                  Necr           ###.         1%          1    None
b - Animate Skeleton      Necr           N/A          1%          1    None
c - Vampiric Draining     Necr           ###.......   8%          3    ###....


Dungeon Overview and Level Annotations

Branches:
Dungeon (3/15)

Altars:
Vehumet


Innate Abilities, Weirdness & Mutations

You have razor-sharp toenails.
A weak demonic guardian rushes to your aid.


Message History

The orc priest hits your kobold skeleton with a short sword.
Your kobold skeleton is destroyed!
You closely miss the orc. You claw the orc.
The orc is moderately wounded.
The orc hits you with a short sword of holy wrath.
You convulse!
* * * LOW HITPOINT WARNING * * *
Casting: Pain
Confirm with . or Enter, or press ? or * to list all spells.
You don't have enough magic to cast that spell.
Casting: Pain
Confirm with . or Enter, or press ? or * to list all spells.
Aiming: Pain
Press: ? - help, Shift-Dir - straight line, f/p - orc priest
Aim: an orc priest, wielding a short sword (severely wounded, chance to defeat MR: 80%)
The orc priest convulses in agony!
You kill the orc priest!
Your Spellcasting skill increases to level 4!
The orc hits you with a short sword of holy wrath.
You die...

).. #.# #.# ...
# #.# #
#.##.##.#
#...)...# ###
#@######## #..
#.o......# #.#
####.###.# #.#
#.###.######.#
#..Z.......#.##
#####.####.....
#Z# ###.##
#.######.#
#........#


You could see an orc.

Vanquished Creatures
  2 orc priests (D:3)
  An adder (D:3)
  3 giant geckos
  7 bats
  2 giant cockroaches
  4 goblins
  5 hobgoblins
  8 jackals
  A quokka (D:2)
  3 giant newts
  7 kobolds
  6 rats
49 creatures vanquished.

Vanquished Creatures (collateral kills)
  A worm (D:2)
  A giant gecko (D:1)
  A giant cockroach (D:1)
  A jackal (D:2)
  2 bats
  A kobold (D:2)
7 creatures vanquished.

Grand Total: 56 creatures vanquished

Notes
Turn   | Place    | Note
--------------------------------------------------------------
     0 | D:1      | septik the Demonspawn Necromancer began the quest for the Orb.
     0 | D:1      | Reached XP level 1. HP: 13/13 MP: 3/3
     2 | D:1      | Learned a level 1 spell: Animate Skeleton
   453 | D:1      | Gained mutation: You have sharp toenails. [demonic ancestry]
   453 | D:1      | Reached XP level 2. HP: 2/19 MP: 1/5
  1260 | D:1      | Gained mutation: You have razor-sharp toenails. [demonic ancestry]
  1260 | D:1      | Reached XP level 3. HP: 15/24 MP: 7/7
  1268 | D:1      | Learned a level 3 spell: Vampiric Draining
  2225 | D:2      | Found a radiant altar of Vehumet.
  2345 | D:3      | Reached skill level 5 in Necromancy
  2485 | D:3      | Gained mutation: A weak demonic guardian rushes to your aid. [demonic ancestry]
  2485 | D:3      | Reached XP level 4. HP: 26/30 MP: 9/9
  2686 | D:3      | Slain by an orc

Action                   |  1- 3 |  4- 6 || total
-------------------------+-------+-------++-------
Melee: Unarmed           |    12 |       ||    12
       Club              |   128 |    11 ||   139
Throw: Stone             |     1 |       ||     1
 Cast: Pain              |    39 |     6 ||    45
       Animate Skeleton  |    21 |       ||    21
       Vampiric Draining |     2 |     1 ||     3
 Stab: Sleeping          |     5 |     1 ||     6
  Eat: Chunk             |     6 |       ||     6
